 Dungeon Crawl Stone Soup version 0.28.0-43-g3370ac3207 (webtiles) character file.

Game seed: 7392768866503781868

410 pkoi the Ruffian (level 6, -7/47 (52) HPs)
             Began as a Draconian Monk on Mar 2, 2022.
             Mangled by a wight
             ... wielding a +3 war axe
              (10 damage)
             ... on level 3 of the Dungeon.
             The game lasted 00:03:25 (3415 turns).

pkoi the Ruffian (Draconian Monk)                   Turns: 3415, Time: 00:03:26

HP:   -7/47 (52)    AC:  6    Str: 14    XL:     6   Next: 58%
MP:   6/6           EV: 13    Int: 18    God:
Gold: 75            SH:  0    Dex: 13    Spells: 5/5 levels left

rFire   . . .      SeeInvis .     - Unarmed
rCold   . . .      Faith    .   (no shield)
rNeg    . . .      Spirit   .   (armour unavailable)
rPois   .          Reflect  .   (helmet restricted)
rElec   .          Harm     .   (no cloak)
rCorr   .          Rampage  .   (no gloves)
Will    .....                   (no boots)
Stlth   ++........              (no amulet)
HPRegen 0.15/turn               f - +6 ring of intelligence
MPRegen 0.10/turn               (no ring)

@: weak-willed, attractive, drained
A: AC +6, unfitting armour, cold-blooded
a: no special abilities


You were on level 3 of the Dungeon.
You visited 1 branch of the dungeon, and saw 3 of its levels.

You collected 75 gold pieces.

Inventory:

Hand Weapons
 a - a +0 vorpal hunting sling
Missiles
 g - 6 boomerangs (quivered)
 h - 6 curare-tipped darts
Jewellery
 f - a +6 ring of intelligence (left hand)
Wands
 b - a wand of digging (1)
Scrolls
 e - a scroll of identify


   Skills:
 - Level 4.0 Fighting
 + Level 4.0 Dodging
 - Level 1.7 Stealth
 * Level 6.4 Unarmed Combat


You had 5 spell levels left.
You didn't know any spells.
Your spell library was empty.

Dungeon Overview and Level Annotations

Branches:
Dungeon (3/15)

Altars:


Innate Abilities, Weirdness & Mutations

Your plain brown scales are hard. (AC +6)
You cannot fit into any form of body armour.
You are cold-blooded and may be slowed by cold attacks.


Message History

You hit the wight.
The wight is heavily damaged.
The wight completely misses you. The wight hits you but does no damage.
Unknown command.
You hit the wight.
The wight is severely damaged.
The wight hits you but does no damage. x2
Unknown command.
You barely miss the wight.
The wight is severely damaged.
The wight hits you but does no damage. x2
Unknown command.
You hit the wight.
The wight is almost destroyed.
The wight hits you but does no damage.
Unknown command.
You barely miss the wight.
The wight is almost destroyed.
The wight hits you from afar with a +0 spear.
* * * LOW HITPOINT WARNING * * *
You feel drained.
* * * LOW HITPOINT WARNING * * *
The wight barely misses you. The wight hits you but does no damage.
You hit the wight but do no damage.
The wight is almost destroyed.
The wight hits you but does no damage. x3
Unknown command.
You barely miss the wight.
The wight is almost destroyed.
The wight hits you from afar with a +0 spear.
* * * LOW HITPOINT WARNING * * *
The wight hits you but does no damage. x2
Unknown command.
You smack the wight!
You destroy the wight!
You feel less wooden.
The wight hits you from afar with a +0 spear!
* * * LOW HITPOINT WARNING * * *
The wight hits you with a +3 war axe!
You die...

... ## # .
.#. ..#..#.##
.......## #
#..#...##.#
........###
##z[.......
#.)@...#
#..z####.<...
..... #..
.... ..# .


You could see 2 wights.

Vanquished Creatures
  Grinder (D:3)
  2 wights (D:3)
  Natasha (thrice) (D:2)
  2 adders (D:2)
  3 worms
  2 dart slugs
  2 ball pythons (D:1)
  6 endoplasms
  5 giant cockroaches
  9 goblins
  17 hobgoblins
  6 jackals
  5 kobolds
  A quokka (D:1)
  4 bats
  5 frilled lizards
  A rat (D:3)
74 creatures vanquished.

Notes
Turn   | Place    | Note
-------+----------+-------------------------------------------
     0 | D:1      | pkoi the Draconian Monk began the quest for the Orb.
     0 | D:1      | Reached XP level 1. HP: 19/19 MP: 1/1
   116 | D:1      | Reached XP level 2. HP: 14/26 MP: 2/2
   657 | D:1      | Reached skill level 4 in Unarmed Combat
   976 | D:1      | Reached XP level 3. HP: 28/31 MP: 3/3
  2152 | D:2      | Reached XP level 4. HP: 34/38 MP: 4/4
  2497 | D:2      | Noticed Natasha
  2512 | D:2      | Killed Natasha
  2895 | D:3      | Reached skill level 5 in Unarmed Combat
  3014 | D:2      | Noticed Natasha
  3028 | D:2      | Killed Natasha
  3029 | D:2      | Reached XP level 5. HP: 21/46 MP: 5/5
  3163 | D:2      | Noticed Natasha
  3180 | D:2      | Killed Natasha
  3380 | D:3      | Noticed Grinder
  3396 | D:3      | Killed Grinder
  3397 | D:3      | Reached skill level 6 in Unarmed Combat
  3397 | D:3      | Reached XP level 6. HP: 52/52 MP: 6/6
  3415 | D:3      | Mangled by a wight

Illustrated notes

Levels and vault maps discovered:
D:1:      dpeg_arrival_round_a, layout_basic
D:2:      cheibrodos_greedy_goblins, layout_rooms, uniq_natasha
D:3:      layout_rooms, nicolae_qazlal_style_of_elements,
          minmay_misc_feat_pillars, uniq_grinder

Skill      XL: |  1  2  3  4  5  6 |
---------------+-------------------+-----
Unarmed Combat | 4 5 6 |  6.4
Dodging        | 3 4 |  4.0
Fighting       | 4 |  4.0
Stealth        | |  1.7

Action                   |  1- 3 |  4- 6 || total
-------------------------+-------+-------++-------
Melee: Unarmed           |   150 |   112 ||   262
       Tailslap          |    21 |     7 ||    28
       Punch             |     5 |     4 ||     9
Throw: Boomerang         |       |    11 ||    11
  Use: Scroll            |       |     6 ||     6
       Potion            |       |     3 ||     3
 Stab: Sleeping          |     6 |     2 ||     8
Armor: Skin              |    29 |    72 ||   101
Dodge: Dodged            |    88 |    42 ||   130
